 Dungeon Crawl Stone Soup version 0.32-a0-361-g289a535e89 (webtiles) character file.

Game seed: 12039654072800480213

60 greenreed the Trooper (level 4, -1/36 HPs)
             Began as a Coglin Berserker on Feb 19, 2024.
             Was a Follower of Trog.
             Succumbed to a goblin's poison
             ... on level 2 of the Dungeon.
             The game lasted 00:01:48 (919 turns).

greenreed the Trooper (Coglin Berserker)             Turns: 919, Time: 00:01:48

Health: -1/36      AC:  5    Str: 19    XL:     4   Next: 4%
Magic:  4/4        EV: 11    Int:  7    God:    Trog [*.....]
Gold:   60         SH:  0    Dex: 13    Spells: 3/3 levels left

rFire   . . .        a - +0 hand axe {Jasleen}
rCold   . . .        f - +0 short sword {Xochipepe}
rNeg    . . .        d - +0 ring mail
rPois   .            (no helmet)
rElec   .            (no cloak)
rCorr   .            (no gloves)
SInv    .            (no boots)
Will    .....        (no amulet)
Stlth   +            (no ring)
HPRegen 0.26/turn    (no ring)
MPRegen 0.09/turn

%: no passive effects
@: lethally poisoned (-1 -> -3), on berserk cooldown, revving, stiff-legged,
very slow
A: off-hand wielding, slow wielding, warmup strikes, warmup strides
a: Renounce Religion, Berserk


You were on level 2 of the Dungeon.
You worshipped Trog.
Trog was aware of your devotion.
You visited 1 branch of the dungeon, and saw 2 of its levels.

You collected 60 gold pieces.

Inventory:

Hand Weapons
 a - a +0 hand axe (weapon) {Jasleen}
 f - a +0 short sword (worn) {Xochipepe}
Armour
 d - a +0 ring mail (worn)
Scrolls
 b - a scroll of teleportation {unknown}
 e - 4 scrolls of identify {unknown}
 i - a scroll of brand weapon {unknown}
Potions
 g - a potion of curing {unknown}
 h - a potion of magic {unknown}


   Skills:
 * Level 3.6 Fighting
 * Level 3.6 Axes
 + Level 2.2 Armour
 + Level 2.2 Dodging


You had 3 spell levels left.
You didn't know any spells.
Your spell library was empty.

Dungeon Overview and Level Annotations

Branches:
Dungeon (2/15)

Altars:


Innate Abilities, Weirdness & Mutations

You can wield a second weapon in your off-hand.
It takes a long time for you to wield or remove held weapons.
Your first few attacks do less damage.
Your first movements take longer.


Message History

You hit the goblin but do no damage.
You feel very sick. The goblin hits you but does no damage.
You are more poisoned.
You hit the goblin but do no damage.
The goblin is moderately wounded.
You closely miss the goblin with your +0 hand axe.
You feel very sick.
The goblin hits you with a +1 dagger of venom.
You are lethally poisoned!
Unknown command.
You hit the goblin with your +0 short sword.
You kill the goblin!
Trog accepts your kill.
You feel very sick.
* * * LOW HITPOINT WARNING * * *
You feel extremely sick.
A red film seems to cover your vision as you go berserk!
You feel yourself moving faster!
You feel mighty!
* * * LOW HITPOINT WARNING * * *
You feel very sick.
You feel a strong urge to attack something.
* * * LOW HITPOINT WARNING * * *
You feel very sick.
* * * LOW HITPOINT WARNING * * *
You feel sick.
You feel your anger nearly subside.
You are no longer berserk.
You are exhausted.
You feel yourself slow down.
* * * LOW HITPOINT WARNING * * *
You feel sick.
* * * LOW HITPOINT WARNING * * *
You feel sick.
* * * LOW HITPOINT WARNING * * *
You feel sick.
It was a potion of cancellation.
Your magical effects are unravelling.
You feel magically purged.
You feel yourself speed up.
You die...

....... # .......
#.###....... ...
#..).....###+#+#...
#.##............
#####.##.......... .
#.....##.........# #
###.####.........###
#@# #...........'
#.# #..........##
#.### #####.<.#.##
#...#######...#.##
###.##..........##
#.##.###....####
#....# #..#.#...
###### #....#.##
##.###.#


There were no monsters in sight!

Vanquished Creatures
  A gnoll (D:1)
  A ribbon worm (D:2)
  A dart slug (D:1)
  7 ball pythons (D:1)
  A bat (D:1)
  4 endoplasms (D:1)
  A giant cockroach (D:1)
  2 goblins
  A hobgoblin (D:2)
  A kobold (D:1)
  2 quokkas (D:1)
  2 frilled lizards (D:1)
  2 rats (D:1)
26 creatures vanquished.

Notes
Turn   | Place    | Note
-------+----------+-------------------------------------------
     0 | D:1      | greenreed the Coglin Berserker began the quest for the Orb.
     0 | D:1      | Reached XP level 1. HP: 18/18 MP: 1/1
   147 | D:1      | Reached XP level 2. HP: 11/24 MP: 2/2
   161 | D:1      | Reached XP level 3. HP: 15/29 MP: 3/3
   373 | D:1      | Found a faded altar of an unknown god.
   864 | D:2      | Reached XP level 4. HP: 35/36 MP: 4/4
   918 | D:2      | HP: 1/36 [poisoned by a goblin]
   919 | D:2      | Succumbed to a goblin's poison

Illustrated notes

Levels and vault maps discovered:
D:1:      amcnicky_arrival_double_pillar, layout_basic,
          hellmonk_ecumenical_altar_zigzags
D:2:      layout_basic, serial_shops, nicolae_shop_hallway_stairs,
          minmay_misc_feat_diagonals, minmay_pentomino_o4

Skill      XL: |  1  2 |
---------------+-------+-----
Dodging        | 2 |  2.2
Armour         | 2 |  2.2
Fighting       | |  3.6
Axes           | |  3.6

Action                     |  1- 3 |  4- 6 || total
---------------------------+-------+-------++-------
  Melee: Hand axe          |    71 |     4 ||    75
         Short sword       |    25 |     5 ||    30
 Invoke: Berserk           |     1 |     1 ||     2
    Use: Potion            |       |     1 ||     1
 Armour: Ring mail         |    42 |     4 ||    46
         Animal skin       |     9 |       ||     9
  Dodge: Dodged            |    64 |       ||    64

Table legend: (Time is in decaauts)
 A = Elapsed time spent in this place.
 B = Non-inter-level travel time spent in this place.
 C = Inter-level travel time spent in this place.
 D = Time resting spent in this place.
 E = Time spent auto-exploring this place.
 F = Levels seen in this place.
 G = Mean time per level.
                   A        B        C        D        E       F      G
               +--------+--------+--------+--------+--------+-----+--------+
         Total |    983 |    945 |     38 |     68 |    677 |   2 |  491.5 |
       Dungeon |    983 |    945 |     38 |     68 |    677 |   2 |  491.5 |
               +--------+--------+--------+--------+--------+-----+--------+

Top non-repeatable levels by time:
     D:1: 907 daAuts
     D:2: 76 daAuts
